 Dungeon Crawl Stone Soup version 0.19-a0-1899-g2d93087 (webtiles) character file.

570 Banto the Ducker (level 7, 0/45 HPs)
             Began as a High Elf Gladiator on Oct 20, 2016.
             Was a Follower of Okawaru.
             Slain by an orc
             ... wielding a +0 club
              (4 damage)
             ... on level 5 of the Dungeon.
             The game lasted 00:04:16 (3163 turns).

Banto the Ducker (High Elf Gladiator)               Turns: 3163, Time: 00:04:17

Health: 0/45       AC:  8    Str: 14    XL:     7   Next: 11%
Magic:  8/8        EV: 16    Int: 13    God:    Okawaru [*.....]
Gold:   179        SH:  0    Dex: 17    Spells: 0 memorised, 6 levels left

rFire  . . .     SeeInvis .     b - +1 dagger (drain)
rCold  . . .     Gourm    +     p - +0 leather armour
rNeg   + . .     Faith    .     (no shield)
rPois  .         Spirit   .     c - +1 helmet
rElec  .         Reflect  .     (no cloak)
rCorr  .         Harm     .     (no gloves)
MR     .....                    i - +2 pair of boots
Stlth  +.........               w - amulet of the gourmand
                                (no ring)
                                e - ring of positive energy

@: drained
A: no striking features
a: Heroism, Renounce Religion


You were on level 5 of the Dungeon.
You worshipped Okawaru.
Okawaru was aware of your devotion.
You were very full.

You visited 1 branch of the dungeon, and saw 5 of its levels.

You collected 233 gold pieces.
You spent 54 gold pieces at shops.

Inventory:

Hand Weapons
 a - a +0 long sword
 b - a +1 dagger of draining (weapon)
Missiles
 d - 3 throwing nets (quivered)
Armour
 c - a +1 helmet (worn)
 i - a +2 pair of boots (worn)
 p - a +0 leather armour (worn)
Jewellery
 e - a ring of positive energy (left hand)
 u - an uncursed ring of fire {unknown}
 w - an amulet of the gourmand (around neck)
Wands
 n - a wand of flame (31/48)
Scrolls
 o - a scroll of remove curse
 q - a scroll of amnesia
 v - a scroll of teleportation {unknown}
 y - a scroll of identify
Potions
 g - a potion of heal wounds
 h - 3 potions of curing {unknown}
 j - 2 potions of brilliance {unknown}
 k - a potion of berserk rage {unknown}
 l - a potion of lignification {unknown}
 s - 2 potions of mutation {unknown}
 t - a potion of flight {unknown}
Comestibles
 f - 4 bread rations
 m - 2 meat rations
 r - 5 fruits
 x - a beef jerky
 z - a slice of pizza


   Skills:
 - Level 2.0(1.9) Fighting
 + Level 7.0 Long Blades
 - Level 2.0(1.9) Throwing
 + Level 7.1(7.0) Dodging


You had 6 spell levels left.
You didn't know any spells.

Dungeon Overview and Level Annotations

Branches:
Dungeon (5/15)
 Temple: D:4-7

Altars:
Dithmenos
Hepliaklqana
Kikubaaqudgha
Nemelex Xobeh
Okawaru

Shops:
D:4 =


Message History

You take 5 damage, and have 13/45 hp.
You hit the orc priest. You drain the orc priest!
The orc priest is almost dead.
The orc barely misses you.
The orc priest invokes the aid of Beogh against you.
Beogh smites you!
* * * LOW HITPOINT WARNING * * *
You take 9 damage, and have 4/45 hp.
You hit the orc priest.
You kill the orc priest!
Okawaru accepts your kill.
Your Long Blades skill increases to level 7!
The orc misses you.
You hit the worker ant.
The worker ant is lightly wounded.
The worker ant closely misses you.
You closely miss the worker ant.
The worker ant is lightly wounded.
The orc hits you with a club.
You die...

.# .## ##(.###.
###........#
####.......#...
#@o......#..!..
##.a......#.....
#...............
#...............
##.....(!.?.....
#............o.
#..)...........
#...?..........
##.............


You could see a worker ant and an orc.

Vanquished Creatures
  Grinder (D:3)
  A phantom (D:4)
  A water moccasin skeleton (D:4)
  An orc priest (D:5)
  A hound (D:4)
  An iguana (D:4)
  A worker ant (D:4)
  5 adders
  2 oozes
  A worm (D:2)
  4 dart slugs
  A leopard gecko (D:4)
  5 orcs
  A ball python (D:1)
  5 giant cockroaches
  7 goblins
  4 hobgoblins
  10 jackals
  4 bats
  3 frilled lizards (D:2)
  10 kobolds
  A quokka skeleton (D:4)
  11 rats
81 creatures vanquished.

Notes
Turn   | Place    | Note
-------+----------+-------------------------------------------
     0 | D:1      | Banto the High Elf Gladiator began the quest for the Orb.
     0 | D:1      | Reached XP level 1. HP: 14/14 MP: 2/2
   416 | D:1      | Reached XP level 2. HP: 18/19 MP: 3/3
   976 | D:1      | Reached XP level 3. HP: 22/24 MP: 4/4
  1186 | D:2      | Found a sparkling altar of Nemelex Xobeh.
  1306 | D:2      | Reached XP level 4. HP: 27/29 MP: 5/5
  1402 | D:2      | Found a shadowy altar of Dithmenos.
  1408 | D:2      | Found an iron altar of Okawaru.
  1429 | D:2      | Became a worshipper of Warmaster Okawaru
  1512 | D:3      | Noticed Grinder
  1729 | D:3      | Killed Grinder
  1729 | D:3      | Reached skill level 5 in Long Blades
  1729 | D:3      | Reached skill level 5 in Dodging
  1729 | D:3      | Reached XP level 5. HP: 23/34 MP: 6/6
  1894 | D:3      | Reached XP level 6. HP: 39/39 MP: 7/7
  2652 | D:4      | Found Ferhull's Jewellery Boutique.
  2685 | D:4      | Bought a cursed ring of teleportation for 54 gold pieces
  2696 | D:4      | Reached * piety under Okawaru
  2967 | D:4      | Reached XP level 7. HP: 45/45 MP: 8/8
  3002 | D:4      | Found a hazy altar of Hepliaklqana.
  3009 | D:4      | Found an ancient bone altar of Kikubaaqudgha.
  3115 | D:5      | Entered Level 5 of the Dungeon
  3163 | D:5      | Slain by an orc

Vault maps used:
D:1:      lemuel_arrival_room, minmay_misc_feat_x
D:2:      grunt_temple_overflow_open, nemelex_dance_club_becter
D:3:      first_bread, uniq_grinder
D:4:      minitemple, serial_shops, nicolae_shop_stone
D:5:      uniq_prince_ribbit1, uniq_edmund

Skill      XL: |  1  2  3  4  5  6  7 |
---------------+----------------------+-----
Long Blades    | 4 5 6 7 |  7.0
Dodging        | 4 5 6 7 |  7.1
Fighting       | |  2.0
Throwing       | |  2.0

Action                   |  1- 3 |  4- 6 |  7- 9 || total
-------------------------+-------+-------+-------++-------
Melee: Long sword        |   102 |    67 |    16 ||   185
       Dagger            |       |   113 |    23 ||   136
Throw: Throwing net      |       |     2 |       ||     2
  Use: Scroll            |     8 |     2 |       ||    10
 Stab: Distracted        |     1 |       |       ||     1
       Sleeping          |     1 |     2 |       ||     3
       Held in net/web   |       |     1 |       ||     1
  Eat: Chunk             |     1 |    10 |     4 ||    15
Armor: Leather armour    |    39 |    55 |     8 ||   102
Dodge: Dodged            |    92 |   153 |    33 ||   278
       Rpst.: Long sword |    36 |    13 |     9 ||    58

Table legend:
 A = Turns spent in this place as a percentage of turns spent in the entire game.
 B = Non-inter-level travel turns spent in this place as a percentage of non-inter-level travel turns spent in the entire game.
 C = Inter-level travel turns spent in this place as a percentage of turns spent in this place.
 D = Turns resting spent in this place as a percentage of non-inter-level travel turns spent in this place.
 E = Turns spent auto-exploring this place as a percentage of non-inter-level travel turns spent in this place.
 F = Non-inter-level travel turns spent in this place divided by the number of levels of this place that you've seen.
                   A       B       C       D       E      F
               +-------+-------+-------+-------+-------+----------------------
         Total | 100.0 | 100.0 |   0.3 |   0.8 |  12.8 | 212.4
       Dungeon | 100.0 | 100.0 |   0.3 |   0.8 |  12.8 | 212.4
               +-------+-------+-------+-------+-------+----------------------

Table legend:
 A = Kills in this place as a percentage of kills in entire the game.
 B = Kills by you in this place as a percentage of kills by you in the entire game.
 C = Kills by friends in this place as a percentage of kills by friends in the entire game.
 D = Other kills in this place as a percentage of other kills in the entire game.
 E = Experience gained in this place as a percentage of experience gained in the entire game.
 F = Experience gained in this place divided by the number of levels of this place that you have seen.
                   A       B       C       D       E      F
               +-------+-------+-------+-------+-------+----------------------
         Total | 100.0 | 100.0 |  -nan |  -nan | 100.0 | 163.0
       Dungeon | 100.0 | 100.0 |  -nan |  -nan | 100.0 | 163.0
               +-------+-------+-------+-------+-------+----------------------
